 Dungeon Crawl Stone Soup version 0.32-a0-893-gf85d74f360 (webtiles) character file.

Game seed: 7276616542511720799

10802 nel the Arsonist (level 11, -9/74 HPs)
             Began as a Demigod Fire Elementalist on Apr 3, 2024.
             Killed from afar by an acid dragon (28 damage)
             ... with a splash of acid
             ... on level 11 of the Dungeon.
             The game lasted 01:00:12 (12738 turns).

nel the Arsonist (Demigod Fire Elementalist)       Turns: 12738, Time: 01:00:12

Health: -9/74      AC: 12    Str:  5    XL:     11   Next: 18%
Magic:  15/19      EV: 10    Int: 37    God:
Gold:   674        SH:  5    Dex: 18    Spells: 6/16 levels left

rFire   . . .        U - +2 dagger (protect)
rCold   . . .        (no shield)
rNeg    . . .        Q - +4 ring mail "Lydamuz" {^Contam Str-4 Slay+6 SInv}
rPois   .            P - +0 helmet
rElec   .            u - +0 cloak
rCorr   .            e - +0 pair of gloves
SInv    +            (no boots)
Will    +....        t - amulet of reflection
Stlth   +            d - +6 ring of intelligence
HPRegen 0.32/turn    m - +6 ring of intelligence
MPRegen 0.16/turn

%: reflection
@: about to teleport
A: high MP 1, forlorn, divine attributes
a: no special abilities


You were on level 11 of the Dungeon.
You visited 2 branches of the dungeon, and saw 13 of its levels.
You also visited: Sewer.

You collected 674 gold pieces.

Inventory:

Hand Weapons
 h - a +0 short sword
 s - a +1 hand axe of flaming
 w - a +0 dagger of venom
 z - a +0 long sword
 I - a +1 falchion
 J - a +3 great sword of freezing
 T - a +0 short sword of freezing
 U - a +2 dagger of protection (weapon)
Missiles
 f - 4 javelins
 j - 9 poisoned darts
 H - a throwing net
 O - a curare-tipped dart
Armour
 e - a +0 pair of gloves (worn)
 q - a +0 leather armour
 u - a +0 cloak (worn)
 y - a +0 ring mail of cold resistance
 P - a +0 helmet (worn)
 Q - the +4 ring mail "Lydamuz" (worn) {^Contam Str-4 Slay+6 SInv}
   (You found it on level 10 of the Dungeon)

   Str-4:     It affects your strength (-4).
   Slay+6:    It affects your accuracy & damage with ranged weapons and melee
   (+6).
   SInv:      It lets you see invisible.
   ^Contam:   It causes magical contamination when unequipped.
Jewellery
 a - an amulet of regeneration
 d - a +6 ring of intelligence (left hand)
 m - a +6 ring of intelligence (right hand)
 t - an amulet of reflection (around neck)
 E - a ring of see invisible
 R - an amulet of guardian spirit
Wands
 C - a wand of mindburst (7)
 M - a wand of acid (2)
Scrolls
 c - 3 scrolls of identify
 g - 3 scrolls of revelation
 k - 2 scrolls of fear {unknown}
 n - 6 scrolls of teleportation
 o - a scroll of summoning {unknown}
 v - a scroll of vulnerability {unknown}
 x - a scroll of acquirement {unknown}
 B - 4 scrolls of enchant armour {unknown}
 F - 2 scrolls of noise
 N - 2 scrolls of amnesia {unknown}
 S - a scroll of torment {unknown}
Potions
 b - 3 potions of magic
 i - a potion of attraction
 p - 4 potions of curing
 r - 2 potions of brilliance
 D - a potion of lignification
 G - a potion of might
 K - a potion of invisibility
 L - a potion of heal wounds {unknown}


   Skills:
 + Level 5.7 Long Blades
 + Level 7.4 Dodging
 - Level 1.7 Stealth
 - Level 3.0 Spellcasting
 + Level 9.7 Conjurations
 + Level 10.1 Fire Magic


You had 6 spell levels left.
You knew the following spells:

 Your Spells              Type           Power      Damage    Failure   Level
a - Foxfire               Conj/Fire      100%       2x1d9     1%          1
b - Scorch                Fire           100%       2d9       1%          2
c - Volatile Blastmotes   Fire/Tloc      86%        2d17      9%          3
d - Flame Wave            Conj/Fire      68%        2d15      3%          4

Your spell library contained the following spells:

 Spells                   Type           Power      Damage    Failure   Level
 Inner Flame              Hex/Fire       43%        N/A       9%          3
 Mephitic Cloud           Conj/Alch/Air  29%        N/A       17%         3
 Apportation              Tloc           10%        N/A       22%         1
 Necrotise                Necr           20%        1d5       22%         1
 Fulminant Prism          Conj/Alch      20%        3d12      28%         4
 Iskenderun's Mystic Bla Conj/Tloc 41%            2d9        (+2d5     28%         4
 Jinxbite                 Hex            10%        N/A       32%         2
 Mercury Vapours          Alch/Air       10%        N/A       32%         2
 Sublimation of Blood     Necr           5%         N/A       32%         2
 Vampiric Draining        Necr           5%         2d6       54%         3
 Irradiate                Conj/Alch      20%        3d18      63%         5
 Freezing Cloud           Conj/Ice/Air   14%        6-21      85%         5
 Martyr's Knell           Necr/Summ      5%         N/A       91%         4
 Petrify                  Alch/Erth      5%         N/A       91%         4
 Alistair's Intoxication  Alch           3%         N/A       99%         5
 Curse of Agony           Necr           5%         N/A       99%         5


Dungeon Overview and Level Annotations

Branches:
Dungeon (12/15)            Temple (1/1) D:4            Lair (0/5) D:8
  Sewer (visited)
    Orc: D:9-12

Shops:
D:1 (

Portals:
Abyss: D:4

Annotations:
D:5 1 runed translucent door, Skryme's ghost, novice SpSh


Innate Abilities, Weirdness & Mutations

You have an increased reservoir of magic. (+10% MP)
You shall have no god before yourself.
Your divine heritage dramatically boosts your attributes as you level up.


Message History

A gargoyle is nearby!
You start resting.
A gargoyle is nearby!
A gargoyle is nearby!
Aiming: Corrosive Bolt
Press: ? - help, Shift-Dir - straight line, f - gargoyle
Aim: a gargoyle, wielding a +0 mace (wandering, hasn't noticed you, 86% to hit)
The bolt of acid hits the gargoyle!
The gargoyle is heavily damaged.
Aiming: Corrosive Bolt
Press: ? - help, Shift-Dir - straight line, f/p - gargoyle
Aim: a gargoyle, wielding a +0 mace (heavily damaged, 86% to hit)
The bolt of acid misses the gargoyle.
The gargoyle closely misses you.
Aiming: Corrosive Bolt
Press: ? - help, Shift-Dir - straight line, f/p - gargoyle
Aim: a gargoyle, wielding a +0 mace (heavily damaged, 86% to hit)
The bolt of acid misses the gargoyle.
You hear a roar!
The gargoyle hurls a stone arrow at you.
The stone arrow hits you!
Aiming: Corrosive Bolt
Press: ? - help, Shift-Dir - straight line, f/p - gargoyle
Aim: a gargoyle, wielding a +0 mace (heavily damaged, 86% to hit)
The bolt of acid misses the gargoyle.
The gargoyle hits you with a +0 mace.
* * * LOW HITPOINT WARNING * * *
Unknown command.
Okay, then.
Okay, then.
Blink to where?
Press: ? - help, Dir - move target, p - gargoyle
As you read the scroll of blinking, it crumbles to dust.
An acid dragon comes into view.
As you read the scroll labelled ZOTWAE QYALUU, it crumbles to dust.
You feel strangely unstable.
It was a scroll of teleportation.
Okay, then.
As you read the scroll of identify, it crumbles to dust.
K - a potion of invisibility The acid dragon spits acid at you.
The splash of acid hits you!!
You die...

.# #..... #). ......
#.# )..... #.# ......
#.# ...... #.#
......###.###########
#9....D$...@...#
######.##)#########.#
.......##))ยง9.......#
##...o.o#############
+......+ #......#
#......# #......#
#......#


You could see an acid dragon (catching breath).

Vanquished Creatures
  A two-headed ogre (D:8)
  A komodo dragon (D:8)
  A hornet (D:8)
  Grinder (D:3)
  2 wyverns
  2 wraiths (D:9)
  16 yaks
  A steam dragon (D:8)
  5 vampire mosquitoes (D:11)
  4 water moccasins (D:8)
  3 ice beasts
  6 black bears
  3 orc warriors
  A sky beast (D:6)
  3 ogres
  11 centaurs
  A kobold brigand (D:9)
  Blork the orc (D:4)
  2 phantoms
  3 bullfrogs
  A gnoll sergeant (D:7)
  5 scorpions
  8 wights
  13 killer bees
  3 howler monkeys
  An electric eel (D:10)
  2 bombardier beetles
  A jelly (D:6)
  2 gnoll boudas
  2 hounds (D:5)
  3 orc priests
  Crazy Yiuf (D:4)
  A sleepcap (D:5)
  3 iguanas
  12 orc wizards
  21 gnolls
  8 adders
  2 river rats (D:6)
  A shadow imp (D:4)
  13 dart slugs
  2 ribbon worms (D:2)
  43 orcs
  7 bats
  7 endoplasms
  14 giant cockroaches
  7 goblins
  4 hobgoblins
  4 jackals (D:4)
  8 quokkas
  10 ball pythons
  13 frilled lizards (Sewer)
  11 kobolds
  8 rats
  2 lurking horrors (D:4)
311 creatures vanquished.

Vanquished Creatures (others)
  4 wights (D:7)
  451 foxfires
455 creatures vanquished.

Grand Total: 766 creatures vanquished

Notes
Turn   | Place    | Note
-------+----------+-------------------------------------------
     0 | D:1      | nel the Demigod Fire Elementalist began the quest for the
                  | Orb.
     0 | D:1      | Reached XP level 1. HP: 14/14 MP: 5/5
    21 | D:1      | Reached skill level 1 in Conjurations
   199 | D:1      | Reached skill level 3 in Fire Magic
   199 | D:1      | Reached XP level 2. HP: 20/20 MP: 1/7
   202 | D:1      | Learned a level 2 spell: Scorch
   511 | D:1      | Found Febusk's Weapon Shoppe.
   947 | D:2      | Reached XP level 3. HP: 26/26 MP: 0/8
  1333 | D:2      | Reached XP level 4. HP: 21/33 MP: 0/9
  1744 | D:2      | Learned a level 3 spell: Volatile Blastmotes
  1875 | D:3      | Noticed Grinder
  1880 | D:3      | Killed Grinder
  1881 | D:3      | Reached skill level 4 in Fire Magic
  1881 | D:3      | Reached XP level 5. HP: 13/38 MP: 0/11
  2029 | D:3      | Reached XP level 6. HP: 45/45 MP: 4/12
  2228 | D:3      | You fall into a shaft and drop 1 floor!
  2239 | D:4      | Found a one-way gate to the infinite horrors of the Abyss.
  2747 | D:4      | Noticed Blork the orc
  2754 | D:4      | Killed Blork the orc
  2917 | D:4      | Found a staircase to the Ecumenical Temple.
  2930 | Temple   | Entered the Ecumenical Temple
  3029 | D:4      | Reached skill level 5 in Fire Magic
  3029 | D:4      | Reached XP level 7. HP: 50/50 MP: 9/14
  3185 | D:4      | Learned a level 4 spell: Flame Wave
  3626 | D:4      | Found a runed translucent door.
  3627 | D:4      | Noticed Crazy Yiuf
  3632 | D:4      | Killed Crazy Yiuf
  3744 | D:5      | Entered Level 5 of the Dungeon
  3756 | D:5      | Reached skill level 5 in Conjurations
  3894 | D:5      | Noticed Skryme's ghost (novice SpSh)
  3898 | D:5      | Found a runed translucent door.
  3921 | D:5      | Reached skill level 6 in Fire Magic
  3990 | D:5      | Reached XP level 8. HP: 57/57 MP: 11/15
  4813 | D:6      | Found a glowing drain.
  4829 | Sewer    | Entered a sewer
  5585 | D:6      | Reached skill level 1 in Long Blades
  5785 | D:6      | Reached skill level 7 in Fire Magic
  6736 | D:7      | Reached skill level 5 in Dodging
  6736 | D:7      | Reached XP level 9. HP: 62/62 MP: 10/16
  7916 | D:8      | Reached skill level 8 in Fire Magic
  8624 | D:8      | Reached XP level 10. HP: 24/69 MP: 1/17
  9051 | D:8      | Reached skill level 9 in Fire Magic
  9448 | D:8      | Found a staircase to the Lair.
  9808 | D:8      | Noticed a two-headed ogre
  9820 | D:8      | Killed a two-headed ogre
 10839 | D:9      | Reached skill level 5 in Long Blades
 11203 | D:10     | Entered Level 10 of the Dungeon
 11221 | D:10     | Identified the +4 ring mail "Lydamuz" {^Contam Str-4 Slay+6
                  | SInv}
 11837 | D:10     | Reached XP level 11. HP: 20/74 MP: 0/19
 12542 | D:11     | Reached skill level 10 in Fire Magic
 12738 | D:11     | Killed from afar by an acid dragon

Illustrated notes

Levels and vault maps discovered:
D:1:      kennysheep_arrival_forest, layout_rooms, serial_shops,
          nicolae_shop_bloodbath_and_beyond, serial_bayou_crossing
D:2:      layout_rooms, serial_corexii_hall, chequers_hall_statues_corner_a,
          chequers_hall_statues_corner_a, due_unseen_surprise
D:3:      layout_loops_cross, hangedman_decor_riveting, uniq_grinder
D:4:      minmay_opposing_rooms, layout_loops_ring,
          minmay_temple_entry_statues_fountains,
          amcnicky_altar_lugonu_corruption, uniq_blork_the_orc,
          uniq_crazy_yiuf_cottage
D:5:      layout_loops_ring, hellmonk_ghost_happy_afterlife
D:6:      layout_basic, portal_sewer_entry_a
D:7:      lemuel_ice_spiral_2, layout_basic,
          mainiacjoe_overflow_small_starburst, chequers_serial_rivers_small_3,
          nicolae_benzene_ring
D:8:      layout_basic, mainiacjoe_overflow_paths, fedhas_altar_fruit_tree,
          due_lair_maze_entry_diamond, minmay_between
D:9:      layout_rooms
D:10:     layout_roguey, nicolae_elyvilon_temple_path
D:11:     layout_basic, david_orc_4, serial_shops, nicolae_shop_back_alley_shop,
          minivault_25_ag
D:12:     layout_gridville, gauntlet_entry_generic
Temple:   nicolae_temple_bog_church

Skill      XL: |  1  2  3  4  5  6  7  8  9 10 11 |
---------------+----------------------------------+-----
Conjurations   | 1 2 3 4 5 6 8 9 |  9.7
Dodging        | 2 3 4 5 7 |  7.4
Fire Magic     | 3 4 5 6 7 8 9 10 | 10.1
Spellcasting   | 2 3 |  3.0
Long Blades    | 1 3 5 |  5.7
Stealth        | |  1.7

Action                     |  1- 3 |  4- 6 |  7- 9 | 10-12 || total
---------------------------+-------+-------+-------+-------++-------
  Melee: Dagger            |    24 |       |    59 |    96 ||   179
         Unarmed           |     1 |       |       |       ||     1
         Short sword       |    11 |    37 |     1 |       ||    49
         Quarterstaff      |     4 |     1 |       |       ||     5
         Hand axe          |       |       |    29 |       ||    29
   Cast: Foxfire           |    46 |    25 |   131 |    57 ||   259
         Scorch            |    14 |    26 |   103 |    76 ||   219
         Volatile Blastmot |       |       |    12 |    17 ||    29
         Flame Wave        |       |       |     1 |     4 ||     5
  Evoke: Wand              |       |       |       |     7 ||     7
    Use: Scroll            |       |       |     8 |     3 ||    11
         Potion            |       |       |     2 |     3 ||     5
   Stab: Sleeping          |     1 |     1 |     3 |     2 ||     7
 Armour: Robe              |    41 |     8 |       |       ||    49
         Leather armour    |       |    24 |    28 |       ||    52
         Ring mail         |       |       |    59 |   155 ||   214
  Dodge: Dodged            |    37 |    31 |    63 |    95 ||   226
  Block: Other             |       |       |    15 |    45 ||    60
         Reflection        |       |       |     2 |     3 ||     5

Table legend: (Time is in decaauts)
 A = Elapsed time spent in this place.
 B = Non-inter-level travel time spent in this place.
 C = Inter-level travel time spent in this place.
 D = Time resting spent in this place.
 E = Time spent auto-exploring this place.
 F = Levels seen in this place.
 G = Mean time per level.
                   A        B        C        D        E       F      G
               +--------+--------+--------+--------+--------+-----+--------+
         Total |  12814 |  12320 |    494 |   1617 |   8377 |  14 |  915.3 |
       Dungeon |  11993 |  11499 |    494 |   1617 |   7732 |  12 |  999.4 |
        Temple |      1 |      1 |      0 |      0 |      0 |   1 |    1.0 |
         Sewer |    818 |    818 |      0 |      0 |    644 |   1 |  818.0 |
               +--------+--------+--------+--------+--------+-----+--------+

Top non-repeatable levels by time:
     D:8: 2397 daAuts
     D:4: 1520 daAuts
     D:7: 1409 daAuts
    D:10: 1293 daAuts
     D:1: 1048 daAuts
     D:5: 1027 daAuts
     D:6: 956 daAuts
     D:9: 916 daAuts
   Sewer: 818 daAuts
     D:2: 792 daAuts
     D:3: 394 daAuts
    D:11: 234 daAuts
    D:12: 3 daAuts
  Temple: 1 daAuts
